SAAA
SCRANTON SUPERNOVAS @ BAY CITY BOMBERS
09/01/2017
 
TOP OF THE 1ST
Scranton Supernovas batting - Pitching for Bay City Bombers : LHP Terry Dwyer
Pitching: LHP Terry Dwyer
Batting: RHB Ryan Simpson 0-0: Ball
1-0: Called Strike
1-1: Ground out 6-3 (Groundball, 6M)
Batting: RHB Mark Hines 0-0: Foul Ball, location: 2F
0-1: Ball
1-1: Swinging Strike
1-2: Foul Ball, location: 2F
1-2: Ball
2-2: Ball
3-2: SINGLE (Line Drive, 6M)
Batting: LHB Sébastien Rolland 0-0: Called Strike
0-1: Ball
1-1: Ball
2-1: Ball
3-1: Foul Ball, location: 2F
3-2: Base on Balls
Mark Hines to second
Batting: RHB Jerome Wilson 0-0: Ball
1-0: Fly out, F3 (Popup, 34)
Batting: RHB Soseki Matsunaga 0-0: Ball
1-0: Called Strike
1-1: Called Strike
1-2: Foul Ball, location: 2F
1-2: Fly out, F6 (Popup, 4MD)
Top of the 1st over - 0 run(s), 1 hit(s), 0 error(s), 2 left on base; Scranton 0 - Bay City 0
BOTTOM OF THE 1ST
Bay City Bombers batting - Pitching for Scranton Supernovas : LHP Paco López
Pitching: LHP Paco López
Batting: RHB Gabriel Rodríguez 0-0: Ball
1-0: Ground out 4-3 (Groundball, 4MS)
Batting: RHB Jim Unknown 0-0: Called Strike
0-1: Foul Ball, location: 2F
0-2: Strikes out swinging
Batting: SHB Jim Unknown 0-0: Called Strike
0-1: Ground out 1-3 (Groundball, 13S)
Bottom of the 1st over - 0 run(s), 0 hit(s), 0 error(s), 0 left on base; Scranton 0 - Bay City 0
TOP OF THE 2ND
Scranton Supernovas batting - Pitching for Bay City Bombers : LHP Terry Dwyer
Batting: RHB Michael Messer 0-0: Called Strike
0-1: Ball
1-1: Called Strike
1-2: Strikes out looking
Batting: RHB Gus Gibbs 0-0: Ball
1-0: Foul Ball, location: 2F
1-1: Ball
2-1: Swinging Strike
2-2: Strikes out looking
Batting: RHB Matt Brown 0-0: Called Strike
0-1: Swinging Strike
0-2: Ball
1-2: Strikes out looking
Top of the 2nd over - 0 run(s), 0 hit(s), 0 error(s), 0 left on base; Scranton 0 - Bay City 0
BOTTOM OF THE 2ND
Bay City Bombers batting - Pitching for Scranton Supernovas : LHP Paco López
Batting: RHB Luis Díaz 0-0: Ball
1-0: Swinging Strike
1-1: Foul Ball, location: 2F
1-2: Ball
2-2: Strikes out swinging
Batting: SHB Stephen Fraven 0-0: Called Strike
0-1: Swinging Strike
0-2: Strikes out swinging
Batting: LHB Guy Riley 0-0: Ball
1-0: Ball
2-0: Ball
3-0: Base on Balls
Batting: RHB Millard Watson 0-0: 2-RUN HOME RUN (Flyball, 7D), Distance : 382 ft
Batting: RHB Aaron Phillips 0-0: Called Strike
0-1: Ball
1-1: Called Strike
1-2: SINGLE (Line Drive, 6D)
Batting: LHB John Doyle 0-0: Called Strike
0-1: Called Strike
0-2: Foul Ball, location: 2F
0-2: Foul Ball, location: 2F
0-2: Foul Ball, location: 2F
0-2: Ball
1-2: Fly out, F8 (Flyball, 8RD)
Bottom of the 2nd over - 2 run(s), 2 hit(s), 0 error(s), 1 left on base; Scranton 0 - Bay City 2
TOP OF THE 3RD
Scranton Supernovas batting - Pitching for Bay City Bombers : LHP Terry Dwyer
Batting: LHB Mark Evans 0-0: Swinging Strike
0-1: Ball
1-1: Ball
2-1: Foul Ball, location: 2F
2-2: Fly out, F9 (Line Drive, 89M)
Batting: RHB Ryan Simpson 0-0: Foul Ball, location: 2F
0-1: Ball
1-1: SINGLE (Line Drive, 89S)
Batting: RHB Mark Hines 0-0: Ball
1-0: Called Strike
1-1: Grounds into double play, 5-4-3 (Groundball, 56)
Top of the 3rd over - 0 run(s), 1 hit(s), 0 error(s), 0 left on base; Scranton 0 - Bay City 2
BOTTOM OF THE 3RD
Bay City Bombers batting - Pitching for Scranton Supernovas : LHP Paco López
Batting: RHB Gabriel Rodríguez 0-0: Ball
1-0: Fly out, F7 (Flyball, 78XD)
Batting: RHB Jim Unknown 0-0: Called Strike
0-1: Ball
1-1: Ground out 6-3 (Groundball, 6MD)
Batting: SHB Jim Unknown 0-0: Ball
1-0: Ball
2-0: Ground out 5-3 (Groundball, 5)
Bottom of the 3rd over - 0 run(s), 0 hit(s), 0 error(s), 0 left on base; Scranton 0 - Bay City 2
TOP OF THE 4TH
Scranton Supernovas batting - Pitching for Bay City Bombers : LHP Terry Dwyer
Batting: LHB Sébastien Rolland 0-0: SINGLE (Groundball, 15) (infield hit)
Batting: RHB Jerome Wilson 0-0: Called Strike
0-1: Ball
1-1: Ball
2-1: Foul Ball, location: 2F
2-2: Ball
3-2: SINGLE (Groundball, 6MD) (infield hit)
Sébastien Rolland to second
Batting: RHB Soseki Matsunaga 0-0: Ball
1-0: 3-RUN HOME RUN (Flyball, 7D), Distance : 393 ft
Batting: RHB Michael Messer 0-0: Ball
1-0: Ball
2-0: Called Strike
2-1: Foul Ball, location: 2F
2-2: Strikes out looking
Batting: RHB Gus Gibbs 0-0: Ball
1-0: SOLO HOME RUN (Flyball, 7D), Distance : 372 ft
Batting: RHB Matt Brown 0-0: Called Strike
0-1: Foul Ball, location: 2F
0-2: Ball
1-2: SINGLE (Line Drive, 6D)
Batting: LHB Mark Evans 0-0: Fly out, F5 (Popup, 5F)
Batting: RHB Ryan Simpson 0-0: Called Strike
0-1: Ball
1-1: Swinging Strike
1-2: Foul Ball, location: 2F
1-2: Ball
2-2: Ground out 1-3 (Groundball, 15)
Top of the 4th over - 4 run(s), 5 hit(s), 0 error(s), 1 left on base; Scranton 4 - Bay City 2
BOTTOM OF THE 4TH
Bay City Bombers batting - Pitching for Scranton Supernovas : LHP Paco López
Batting: RHB Luis Díaz 0-0: Ball
1-0: Foul Ball, location: 2F
1-1: Ball
2-1: Called Strike
2-2: SINGLE (Groundball, 56)
Batting: SHB Stephen Fraven 0-0: Ball
1-0: Called Strike
1-1: Ball
2-1: Fly out, F9 (Flyball, 9D)
Batting: LHB Guy Riley 0-0: Ball
Wild Pitch!
Luis Díaz to second
1-0: Called Strike
1-1: Ball
2-1: Swinging Strike
2-2: Ball
3-2: Base on Balls
Batting: RHB Millard Watson 0-0: Swinging Strike
0-1: Swinging Strike
0-2: Ball
1-2: Foul Ball, location: 2F
1-2: Strikes out swinging
Batting: RHB Aaron Phillips 0-0: Ball
1-0: Ball
2-0: Called Strike
2-1: Foul Ball, location: 2F
2-2: Foul Ball, location: 2F
2-2: Ball
3-2: SINGLE (Groundball, 56D)
Luis Díaz to third
Guy Riley to second
Luis Díaz scores
Guy Riley to third
Batting: LHB John Doyle 0-0: Ball
1-0: Foul Ball, location: 2F
1-1: Ball
2-1: Called Strike
2-2: Ball
3-2: Base on Balls
Aaron Phillips to second
Batting: RHB Gabriel Rodríguez 0-0: Called Strike
0-1: Fly out, F4 (Popup, 34D)
Bottom of the 4th over - 1 run(s), 2 hit(s), 0 error(s), 3 left on base; Scranton 4 - Bay City 3
TOP OF THE 5TH
Scranton Supernovas batting - Pitching for Bay City Bombers : LHP Terry Dwyer
Batting: RHB Mark Hines 0-0: Called Strike
0-1: Ball
1-1: Ball
2-1: Ground out 6-3 (Groundball, 6)
Batting: LHB Sébastien Rolland 0-0: Swinging Strike
0-1: Called Strike
0-2: Strikes out looking
Batting: RHB Jerome Wilson 0-0: Ground out 6-3 (Groundball, 6M)
Top of the 5th over - 0 run(s), 0 hit(s), 0 error(s), 0 left on base; Scranton 4 - Bay City 3
BOTTOM OF THE 5TH
Bay City Bombers batting - Pitching for Scranton Supernovas : LHP Paco López
Batting: RHB Jim Unknown 0-0: Called Strike
0-1: SOLO HOME RUN (Flyball, 7LD), Distance : 370 ft
Batting: SHB Jim Unknown 0-0: Called Strike
0-1: Ball
1-1: Ball
2-1: Foul Ball, location: 2F
2-2: Ground out 5-3 (Groundball, 56S)
Batting: RHB Luis Díaz 0-0: Called Strike
0-1: SINGLE (Flyball, 34D)
Batting: SHB Stephen Fraven 0-0: Ball
1-0: Fly out, F9 (Flyball, 9D)
Batting: LHB Guy Riley 0-0: Called Strike
0-1: Foul Ball, location: 2F
0-2: Strikes out swinging
Bottom of the 5th over - 1 run(s), 2 hit(s), 0 error(s), 1 left on base; Scranton 4 - Bay City 4
TOP OF THE 6TH
Scranton Supernovas batting - Pitching for Bay City Bombers : LHP Terry Dwyer
Batting: RHB Soseki Matsunaga 0-0: Called Strike
0-1: Fly out, F9 (Flyball, 9S)
Batting: RHB Michael Messer 0-0: Swinging Strike
0-1: Called Strike
0-2: Ball
1-2: Ball
2-2: Foul Ball, location: 2F
2-2: Foul Ball, location: 2F
2-2: SINGLE (Line Drive, 7LS)
Batting: RHB Gus Gibbs 0-0: Called Strike
0-1: Ball
1-1: Ball
2-1: Called Strike
2-2: Strikes out swinging
Batting: RHB Matt Brown 0-0: Foul Ball, location: 2F
0-1: Ball
1-1: Foul Ball, location: 2F
1-2: Ball
2-2: Strikes out swinging
Top of the 6th over - 0 run(s), 1 hit(s), 0 error(s), 1 left on base; Scranton 4 - Bay City 4
BOTTOM OF THE 6TH
Bay City Bombers batting - Pitching for Scranton Supernovas : LHP Paco López
Batting: RHB Millard Watson 0-0: SINGLE (Groundball, 6MD)
Batting: RHB Aaron Phillips 0-0: Ball
1-0: Ball
2-0: SINGLE (Groundball, 6D)
Millard Watson to second
Batting: LHB John Doyle 0-0: Called Strike
0-1: Ball
1-1: Swinging Strike
1-2: Fly out, F9 (Flyball, 9LD)
Runner from 2nd tags up, SAFE at 3rd, no throw
Batting: RHB Gabriel Rodríguez 0-0: Ball
1-0: Ball
2-0: Foul Ball, location: 2F
2-1: Foul Ball, location: 2F
2-2: 3-RUN HOME RUN (Flyball, 7D), Distance : 370 ft
Pitching: RHP Dan Grant
Batting: RHB Jim Unknown 0-0: Fly out, F8 (Flyball, 8RD)
Batting: SHB Jim Unknown 0-0: Ground out 3-1 (Groundball, 34)
Bottom of the 6th over - 3 run(s), 3 hit(s), 0 error(s), 0 left on base; Scranton 4 - Bay City 7
TOP OF THE 7TH
Scranton Supernovas batting - Pitching for Bay City Bombers : LHP Terry Dwyer
Batting: LHB Mark Evans 0-0: Ball
1-0: Called Strike
1-1: Ball
2-1: Foul Ball, location: 2F
2-2: Fly out, F9 (Flyball, 9M)
Batting: RHB Ryan Simpson 0-0: Called Strike
0-1: Ball
1-1: Ball
2-1: Foul Ball, location: 2F
2-2: Foul Ball, location: 2F
2-2: Foul Ball, location: 2F
2-2: Reached on error, E6 (Groundball, 6)
Batting: RHB Mark Hines 0-0: Called Strike
0-1: Ball
Ryan Simpson is caught stealing 3rd base
1-1: Ball
2-1: Ball
3-1: Base on Balls
Pitching: LHP Gordon Wiggins
Batting: LHB Sébastien Rolland 0-0: Ball
1-0: Called Strike
1-1: Foul Ball, location: 2F
1-2: Strikes out looking
Top of the 7th over - 0 run(s), 0 hit(s), 1 error(s), 1 left on base; Scranton 4 - Bay City 7
BOTTOM OF THE 7TH
Bay City Bombers batting - Pitching for Scranton Supernovas : RHP Dan Grant
Batting: RHB Luis Díaz 0-0: Foul Ball, location: 2F
0-1: Swinging Strike
0-2: Foul Ball, location: 2F
0-2: Foul Ball, location: 2F
0-2: Ball
1-2: Fly out, F7 (Flyball, 78S)
Batting: SHB Stephen Fraven 0-0: Called Strike
0-1: Ball
1-1: SINGLE (Line Drive, 56D)
Batting: LHB Guy Riley 0-0: Called Strike
0-1: Ball
1-1: Reached on error, E1 (Groundball, 15)
Stephen Fraven to second
Batting: RHB Millard Watson 0-0: 3-RUN HOME RUN (Flyball, 7D), Distance : 388 ft
Pitching: RHP Tony Newell
Batting: RHB Aaron Phillips 0-0: Ground out 6-3 (Groundball, 6M)
Batting: LHB John Doyle 0-0: Ball
1-0: Ground out 6-3 (Groundball, 6)
Bottom of the 7th over - 3 run(s), 2 hit(s), 1 error(s), 0 left on base; Scranton 4 - Bay City 10
TOP OF THE 8TH
Scranton Supernovas batting - Pitching for Bay City Bombers : LHP Gordon Wiggins
Batting: RHB Jerome Wilson 0-0: SINGLE (Popup, 56D)
Batting: RHB Soseki Matsunaga 0-0: Foul Ball, location: 2F
0-1: SINGLE (Groundball, 6M)
Jerome Wilson to second
Batting: RHB Michael Messer 0-0: Called Strike
0-1: Called Strike
0-2: SINGLE (Line Drive, 6M)
Jerome Wilson to third
Soseki Matsunaga to second
Batting: RHB Gus Gibbs 0-0: Called Strike
0-1: Foul Ball, location: 2F
0-2: Ball
1-2: Strikes out looking
Batting: RHB Matt Brown 0-0: Swinging Strike
0-1: Ball
1-1: Ball
2-1: Foul Ball, location: 2F
2-2: Foul Ball, location: 2F
2-2: Foul Ball, location: 2F
2-2: SINGLE (Line Drive, 6M)
Jerome Wilson scores
Soseki Matsunaga to third
Michael Messer to second
Batting: LHB Mark Evans 0-0: Fly out, F5 (Popup, 56S)
Pitching: RHP Milton Anderson
Batting: RHB Ryan Simpson 0-0: Ball
1-0: Ball
2-0: Ball
3-0: Called Strike
3-1: Base on Balls
Soseki Matsunaga scores
Michael Messer to third
Matt Brown to second
Batting: RHB Mark Hines 0-0: Swinging Strike
0-1: Fly out, F7 (Line Drive, 78M)
Top of the 8th over - 2 run(s), 4 hit(s), 0 error(s), 3 left on base; Scranton 6 - Bay City 10
BOTTOM OF THE 8TH
Bay City Bombers batting - Pitching for Scranton Supernovas : RHP Tony Newell
Batting: RHB Gabriel Rodríguez 0-0: Called Strike
0-1: Ball
1-1: Foul Ball, location: 2F
1-2: Ball
2-2: Ground out 6-3 (Groundball, 6)
Batting: RHB Jim Unknown 0-0: Foul Ball, location: 2F
0-1: Fly out, F7 (Flyball, 7LS)
Batting: SHB Jim Unknown 0-0: Ball
1-0: Foul Ball, location: 2F
1-1: Ball
2-1: Ball
3-1: Base on Balls
Batting: RHB Luis Díaz 0-0: Ball
1-0: Ball
2-0: Ball
3-0: Base on Balls
Jim Unknown to second
Batting: SHB Stephen Fraven 0-0: Ball
1-0: Ball
2-0: SINGLE (Groundball, 6MD)
Jim Unknown to third
Luis Díaz to second
Runner from 3rd tries for Home, SAFE, no throw or cutoff
Batting: LHB Guy Riley 0-0: Called Strike
0-1: Ball
1-1: Swinging Strike
1-2: Fly out, F7 (Flyball, 7M)
Bottom of the 8th over - 1 run(s), 1 hit(s), 0 error(s), 2 left on base; Scranton 6 - Bay City 11
TOP OF THE 9TH
Scranton Supernovas batting - Pitching for Bay City Bombers : RHP Milton Anderson
Pitching: RHP Jim Unknown
Batting: LHB Sébastien Rolland 0-0: Called Strike
0-1: SINGLE (Groundball, 34D)
Batting: RHB Jerome Wilson 0-0: Called Strike
0-1: Ball
1-1: Swinging Strike
1-2: Foul Ball, location: 2F
1-2: Strikes out swinging
Batting: RHB Soseki Matsunaga 0-0: Ball
1-0: Swinging Strike
1-1: SINGLE (Line Drive, 34D)
Sébastien Rolland to second
Batting: RHB Michael Messer 0-0: Ball
1-0: Ball
2-0: Called Strike
2-1: Ball
3-1: Grounds into double play, 6-4-3 (Groundball, 6)
Top of the 9th over - 0 run(s), 2 hit(s), 0 error(s), 1 left on base; Scranton 6 - Bay City 11
This league is powered by Out of the Park Baseball, the baseball management simulation game for PC, Mac and Linux
Saturday, February 27th, 2021 - OOTP Baseball 15.6 Build 34